AoeStats
← PJRC

Black Forest

506158509Analyzed
2v2 RM · 21d ago on Sep 12, 2026· 89m 19s· 4 players
Game mode
Random Map
Map size
Medium (4 player)
Population
200
Speed
Normal
Resources
Standard
Victory
Conquest
Starting age
Dark Age
Ending age
Imperial Age
RankedLock teamsTeams togetherTeam positionsShared explorationLock speedFull tech treeHidden civsTurbo modeCheats
Victory
Defeat
🇸🇰 Aztecs · Slovakia
599
+16
🇸🇰 Britons · Slovakia
598
+16
🇧🇷 Maya · Brazil
626
-16
🇵🇹 Gurjaras · Portugal
588
-16
PJRC
1:17 Loom
2:07 Loom
17:29 Feudal Age
19:06 Feudal Age
20:24 Double-Bit Axe
20:24 Horse Collar
20:41 Stone Mining
20:43 Gold Mining
21:29 Wheelbarrow
20:40 Town Watch
20:44 Fishing Lines
26:20 Castle Age
26:05 Arson
27:30 Heavy Plow
27:43 Bow Saw
28:13 Gold Shaft Mining
29:05 Stone Shaft Mining
28:47 Caravan
29:43 Scale Barding Armor
30:18 Husbandry
30:30 Bloodlines
29:40 Light Cavalry
30:49 Gillnets
31:44 Town Patrol
35:48 Imperial Age
35:38 Hand Cart
36:16 Chain Barding Armor
39:42 Crop Rotation
39:42 Fortified Wall
40:06 Fervor
39:58 Herbal Medicine
41:17 Chemistry
40:00 Treadmill Crane
42:07 Murder Holes
42:23 Masonry
42:33 Ballistics
47:32 Architecture
48:19 Plate Barding Armor
47:45 Scale Mail Armor
47:56 Forging
47:36 Fletching
47:47 Padded Archer Armor
48:25 Elite Chakram Thrower
49:28 Frontier Guards
49:14 Kshatriyas
50:10 Coinage
52:34 Hoardings
51:32 Sappers
52:25 Conscription
52:34 Chain Mail Armor
53:16 Leather Archer Armor
52:57 Bodkin Arrow
53:38 Iron Casting
54:06 Elite Shrivamsha Rider
54:12 Heavy Camel Rider
58:00 Plate Mail Armor
57:32 Bracer
61:00 Banking
60:12 Siege Elephant
61:04 Onager
64:37 Heavy Scorpion
66:58 Elite Shrivamsha Rider
86:43 Hussar
87:31 Thumb Ring
86:50 Elite Elephant Archer
el forasteiro
14:24 Feudal Age
16:43 Double-Bit Axe
17:57 Horse Collar
20:18 Wheelbarrow
19:30 Town Watch
19:38 Fishing Lines
22:08 Castle Age
24:25 Town Patrol
26:53 Gold Mining
26:54 Stone Mining
27:24 Bow Saw
28:05 Fortified Wall
29:44 Fervor
29:56 Sanctity
30:34 Gillnets
33:41 Arson
33:20 Eagle Warrior
34:10 Treadmill Crane
34:29 Murder Holes
38:04 Imperial Age
35:49 Hand Cart
37:06 Squires
39:07 Medium Warships
39:47 Elite Skirmisher
40:59 Fletching
41:10 Padded Archer Armor
41:10 Scale Mail Armor
41:23 Forging
40:42 Elite Eagle Warrior
41:44 Capped Ram
43:35 Bodkin Arrow
43:57 Chain Mail Armor
44:23 Masonry
45:16 Chemistry
44:27 Hul'che Javelineers
45:16 Elite Plumed Archer
50:41 Holcans
51:41 Architecture
52:28 Leather Archer Armor
52:49 Iron Casting
59:07 Ring Archer Armor
62:45 Bracer
63:17 Plate Mail Armor
63:48 Blast Furnace
clasik
0:30 Loom
14:24 Feudal Age
22:04 Castle Age
20:34 Double-Bit Axe
24:20 Fishing Lines
26:07 Horse Collar
33:00 Bow Saw
32:54 Heavy Plow
34:05 Gillnets
39:36 Imperial Age
37:49 Wheelbarrow
36:58 Crossbowman
38:20 Forging
38:10 Scale Mail Armor
41:30 Elite Jaguar Warrior
42:19 Atlatl
44:15 Crop Rotation
44:20 Caravan
45:25 Arbalester
47:18 Iron Casting
46:58 Chain Mail Armor
46:44 Padded Archer Armor
46:35 Fletching
49:54 Blast Furnace
49:25 Plate Mail Armor
50:13 Leather Archer Armor
50:01 Bodkin Arrow
51:14 Chemistry
50:35 Ballistics
50:26 Fortified Wall
50:12 Murder Holes
50:01 Treadmill Crane
50:09 Arrowslits
51:35 Hand Cart
55:31 Garland Wars
55:38 Conscription
77:07 Onager
83:42 Capped Ram
M4to
1:13 Loom
15:28 Feudal Age
17:42 Double-Bit Axe
20:16 Horse Collar
23:52 Man-at-Arms
27:16 Castle Age
32:12 Fletching
32:29 Scale Barding Armor
33:01 Heavy Plow
33:13 Bow Saw
34:02 Bodkin Arrow
34:28 Chain Barding Armor
35:39 Town Watch
36:29 Wheelbarrow
36:13 Scale Mail Armor
36:13 Padded Archer Armor
36:24 Forging
36:46 Gold Mining
39:56 Town Patrol
40:11 Hand Cart
43:22 Imperial Age
40:32 Pikeman
41:12 Squires
40:57 Arson
42:30 Ballistics
42:06 Murder Holes
44:10 Onager
47:17 Bracer
47:53 Iron Casting
47:33 Chain Mail Armor
47:54 Plate Barding Armor
48:24 Two-Man Saw
48:51 Chemistry
48:34 Husbandry
51:12 Halberdier
53:43 Elite Skirmisher
55:11 Leather Archer Armor
55:26 Plate Mail Armor
55:57 Blast Furnace
57:19 Caravan
58:01 Cavalier
58:07 Elite Longbowman
58:43 Light Cavalry
59:03 Heavy Scorpion
60:51 Yeomen
60:34 Warwolf
63:01 Ring Archer Armor
Connection lost

Rejoining the realm…

Still unreachable

The connection could not be restored.

Session expired

The server has moved on; the page needs a fresh start.